 Dungeon Crawl Stone Soup version 0.24-a0-462-ge24419a6ad (webtiles) character file.

Game seed: 3272877440700606334

276285 nubinia the Hand of Fortune (level 20, -26/156 HPs)
             Began as a Gnoll Conjurer on June 23, 2019.
             Was the Champion of Nemelex Xobeh.
             Killed by the air
             ... invoked by Sojobo
              (37 damage)
             ... on level 3 of the Vaults on July 1, 2019.
             The game lasted 07:56:48 (54586 turns).

nubinia the Hand of Fortune (Gnoll Conjurer)       Turns: 54586, Time: 07:56:51

Health: -26/156    AC: 22    Str: 22    XL:     20   Next: 36%
Magic:  34/37      EV: 29    Int: 19    God:    Nemelex Xobeh [******]
Gold:   1584       SH: 35    Dex: 26    Spells: 2/46 levels left

rFire    + + +     SeeInvis +   W - +8 mace of Paleuqau {crush, rF++ MR+ Str+4}
rCold    . . .     Gourm    .   m - +10 large shield of Ignorance {rN+ Int-4}
rNeg     + + .     Faith    .   j - +3 leather armour {rN+}
rPois    +         Spirit   .   A - +2 helmet {SInv}
rElec    +         Reflect  +   D - +2 cloak {rPois}
rCorr    +         Harm     .   N - +2 pair of gloves {archery}
MR       +++..     Clarity  +   F - +2 pair of boots
Stlth    +++++++...             U - +4 amulet of reflection
HPRegen  0.36/turn              L - ring "Ogemyrob" {MR+ rCorr Str+3 Dex+4}
MPRegen  0.25/turn              u - ring of protection from fire

@: agile, flying (expiring), very slightly contaminated, studying Shields
A: distributed training, fangs 1, clarity, clever 1, electricity resistance,
MP-powered wands, strong nose
}: 2/15 runes: barnacled, gossamer
a: Draw Escape, Draw Destruction, Draw Summoning, Draw Stack, Triple Draw, Deal
Four, Stack Five, Renounce Religion


You were on level 3 of the Vaults.
You worshipped Nemelex Xobeh.
Nemelex Xobeh was exalted by your worship.
You were not hungry.

You visited 8 branches of the dungeon, and saw 36 of its levels.
You visited 1 bazaar.
You also visited: Sewer and Wizlab.

You collected 3694 gold pieces.
You spent 2110 gold pieces at shops.

Inventory:

Hand Weapons
 W - the +8 mace of Paleuqau (weapon) {crush, rF++ MR+ Str+4}
   (You bought it in a shop on level 2 of the Orcish Mines)

   It inflicts extra damage upon your enemies.
   It affects your strength (+4).
   It greatly protects you from fire.
   It affects your resistance to hostile enchantments.
Missiles
 l - 25 poisoned darts (quivered)
 Y - 18 curare-tipped darts
Armour
 j - a +3 leather armour of positive energy (worn)
 m - the +10 large shield of Ignorance (worn) {rN+ Int-4}
   (You found it on level 4 of the Shoals)

   It affects your intelligence (-4).
   It protects you from negative energy.
 r - a +2 leather armour of cold resistance
 A - a +2 helmet of see invisible (worn)
 D - a +2 cloak of poison resistance (worn)
 F - a +2 pair of boots (worn)
 N - a +2 pair of gloves of archery (worn)
Jewellery
 u - a ring of protection from fire (right hand)
 I - a +3 ring of protection
 J - an uncursed ring of protection from cold
 L - the ring "Ogemyrob" (left hand) {MR+ rCorr Str+3 Dex+4}
   (You bought it in a shop on level 2 of the Orcish Mines)

   [ring of resist corrosion]

   It affects your strength (+3).
   It affects your dexterity (+4).
   It affects your resistance to hostile enchantments.
   It provides partial protection from all sources of acid and corrosion.
 S - an uncursed ring of positive energy
 U - a +4 amulet of reflection (around neck)
Wands
 n - a wand of iceblast (26)
 p - a wand of acid (7)
 y - a wand of scattershot (6)
 G - a wand of flame (28)
 K - a wand of clouds (2)
 O - a wand of disintegration (15)
 P - a wand of digging (19)
Scrolls
 b - 3 scrolls of enchant armour
 f - 15 scrolls of teleportation
 h - 4 scrolls of fear
 k - 6 scrolls of blinking
 o - 15 scrolls of remove curse
 x - 10 scrolls of identify
 B - 2 scrolls of holy word
 C - 6 scrolls of fog
 M - 4 scrolls of enchant weapon
 X - 2 scrolls of magic mapping
Potions
 d - 2 potions of brilliance
 e - a potion of cancellation
 g - 4 potions of heal wounds
 i - 3 potions of haste
 q - 4 potions of agility
 s - 6 potions of magic
 v - 3 potions of resistance
 z - 8 potions of curing
 H - 4 potions of might
 Q - 2 potions of invisibility
 V - a potion of ambrosia
Books
 E - a manual of Shields
Miscellaneous
 a - a phial of floods (inert)
 R - a box of beasts
 T - a lightning rod (4/4)
Comestibles
 c - 50 rations
 t - a chunk of flesh


   Skills:
 + Level 13.1 Fighting
 + Level 13.1 Short Blades
 + Level 13.1 Long Blades
 + Level 13.1 Axes
 + Level 13.1 Maces & Flails
 + Level 13.1 Polearms
 + Level 13.1 Staves
 + Level 13.1 Slings
 + Level 13.1 Bows
 + Level 13.1 Crossbows
 + Level 13.1 Throwing
 + Level 13.1 Armour
 + Level 13.8 Dodging
 + Level 13.7 Stealth
 + Level 14.1 Shields
 + Level 13.1 Unarmed Combat
 + Level 13.9 Spellcasting
 + Level 13.0 Conjurations
 + Level 11.3 Hexes
 + Level 11.3 Charms
 + Level 11.3 Summonings
 + Level 11.3 Necromancy
 + Level 11.3 Translocations
 + Level 11.3 Transmutations
 + Level 11.3 Fire Magic
 + Level 11.3 Ice Magic
 + Level 11.3 Air Magic
 + Level 11.3 Earth Magic
 + Level 11.3 Poison Magic
 + Level 14.2 Invocations
 + Level 13.1 Evocations


You had 2 spell levels left.
You knew the following spells:

 Your Spells              Type           Power        Failure   Level  Hunger
a - Magic Dart            Conj           ####         1%          1    None
b - Dazzling Spray        Conj/Hex       ######       1%          3    None
c - Mephitic Cloud        Conj/Pois/Air  ######..     1%          3    None
d - Summon Lightning Spi  Summ/Air       ######..     2%          4    None
e - Passage of Golubria   Tloc           N/A          2%          4    None
f - Force Lance           Conj/Tloc      ######..     1%          4    None
h - Iskenderun's Mystic   Conj           ######..     1%          4    None
i - Iskenderun's Battles  Conj/Chrm      ######..     4%          5    ####...
j - Portal Projectile     Hex/Tloc       ######       1%          3    None
l - Lee's Rapid Deconstr  Erth           ######....   6%          5    ####...
p - Passwall              Tmut/Erth      ######..     1%          2    None
B - Blink                 Tloc           N/A          1%          2    None
F - Cause Fear            Hex            ######....   2%          4    None

Your spell library contained the following spells:

 Spells                   Type           Power        Failure   Level  Hunger
 Beastly Appendage        Tmut           ######       1%          1    None
 Corona                   Hex            ######.      1%          1    None
 Sandblast                Erth           ######       1%          1    None
 Summon Small Mammal      Summ           ####         1%          1    None
 Call Imp                 Summ           ######..     1%          2    None
 Poisonous Vapours        Pois/Air       ######       1%          2    None
 Searing Ray              Conj           ######       1%          2    None
 Slow                     Hex            ######..     1%          2    None
 Swiftness                Chrm/Air       ######..     1%          2    None
 Call Canine Familiar     Summ           ######..     1%          3    None
 Conjure Flame            Conj/Fire      ######..     1%          3    None
 Ignite Poison            Fire/Tmut/Pois ######..     1%          3    None
 Inner Flame              Hex/Fire       ######..     1%          3    None
 Recall                   Summ/Tloc      N/A          1%          3    None
 Stone Arrow              Conj/Erth      ######       1%          3    None
 Summon Guardian Golem    Hex/Summ       ######..     1%          3    None
 Fulminant Prism          Conj/Hex       ######....   1%          4    None
 Ice Form                 Ice/Tmut       ######..     2%          4    None
 Leda's Liquefaction      Hex/Erth       ######....   2%          4    None
 Petrify                  Tmut/Erth      ######..     2%          4    None
 Summon Ice Beast         Ice/Summ       ######..     2%          4    None
 Bolt of Magma            Conj/Fire/Erth ######....   4%          5    ####...
 Fireball                 Conj/Fire      ######....   4%          5    ####...
 Venom Bolt               Conj/Pois      ######....   4%          5    ####...
 Aura of Abjuration       Summ           ######....   6%          5    ####...
 Metabolic Englaciation   Hex/Ice        ######....   6%          5    ####...
 Bolt of Cold             Conj/Ice       ######....   22%         6    #####..
 Bolt of Fire             Conj/Fire      ######....   22%         6    #####..
 Iron Shot                Conj/Erth      ######....   22%         6    #####..
 Freezing Cloud           Conj/Ice/Air   ######....   26%         6    #####..
 Darkness                 Hex            ######....   32%         6    #####..
 Hydra Form               Tmut           ######....   32%         6    #####..
 Invisibility             Hex            ######..     32%         6    #####..
 Ozocubu's Refrigeration  Ice            ######....   32%         6    #####..
 Simulacrum               Ice/Necr       ######....   32%         6    #####..
 Statue Form              Tmut/Erth      ######...    32%         6    #####..
 Orb of Destruction       Conj           ######....   65%         7    #######
 Spellforged Servitor     Conj/Summ      ######....   77%         7    #######
 Ring of Flames           Chrm/Fire      ######....   88%         7    #######
 Ignition                 Fire           ######....   100%        8    #######


Dungeon Overview and Level Annotations

Branches:
Dungeon (14/15)            Temple (1/1) D:6            Lair (6/6) D:8
 Shoals (4/4) Lair:4       Spider (4/4) Lair:4        Slime (0/5) Lair:5
    Orc (2/2) D:10            Elf (2/3) Orc:2        Vaults (3/5) D:14
  Crypt (0/3) Vaults:2

Altars:
Ashenzari
Cheibriados
Dithmenos
Elyvilon
Fedhas
Gozag
Hepliaklqana
Kikubaaqudgha
Makhleb
Nemelex Xobeh
Okawaru
Qazlal
Ru
Sif Muna
Trog
Uskayaw
Vehumet
Wu Jian
Xom
Yredelemnul
Zin
The Shining One
Beogh
Jiyva

Shops:
D:6 *   D:12 *   Orc:2 (=[*

Portals:
Trove: D:10 (give +3 shadow dragon scales)

Annotations:
D:9 1 runed translucent door, PeterQ's ghost, novice GnAs
D:12 2 transporters, hemabe's ghost, adept HuAr
Spider:3 3 runed translucent doors, exclusion: jumping spider, jeroenos's ghost, journeyman DsFi
Spider:4 2 runed translucent doors, Shaidar's ghost, adept GrFi
Elf:2 3 runed translucent doors
Vaults:1 3 runed translucent doors, exclusion: lich, Neal's ghost, adept DDFi
Vaults:3 Sojobo


Innate Abilities, Weirdness & Mutations

Your experience applies equally to all skills.
You have very sharp teeth.
Your uncanny sense of smell can sniff out nearby items.
You possess an exceptional clarity of mind.
Your mind is acute. (Int +2)
You are resistant to electric shocks. (rElec)
You expend magic power (3 MP) to strengthen your wands.


Message History

* * * LOW HITPOINT WARNING * * *
The winds around the air elemental start to calm down.
* * * LOW HITPOINT WARNING * * *
The winds around the air elemental start to calm down.
You block the air elemental's attack.
The air elemental completely misses you.
Sojobo waves her feathered arms in wide circles.
The air twists around and violently strikes you in flight!
* * * LOW HITPOINT WARNING * * *
An ironheart preserver comes into view.
It is wielding a +0 morningstar and wearing a +0 leather armour of poison resistance.
The air elemental completely misses you.
Blink to where?
Press: ? - help, Dir - move target cursor, p - Sojobo You are very lightly contaminated with residual magic.
As you read the scroll of blinking, it crumbles to dust.
A deep elf archer comes into view. It is wielding a +0 dagger.
Sojobo waves her feathered arms in wide circles.
The air twists around and violently strikes you in flight!
You die...
Your body glows slightly and disappears.

..........)..)))((...#
....(...)....)#.[....#
###'###########......#...
# ..........)).....'...
..........########...
.....)....# ...
..........# ..
.......)..# #'#
.......@pe# ########p####
#..§§§§§# #..O§§§§#
#..§§§EE# ∆ #..§§E§§#
#..§Q§§§# #..§§§§§#
#...§§§§# ∆


You could see Sojobo, an ironheart preserver, a deep elf archer, an ironbrand
convoker and 3 air elementals.

Vanquished Creatures
  Margery (Vaults:3)
  Arachne (Spider:2)
  2 liches (Vaults:1)
  Gastronok (Lair:2)
  Polyphemus (Shoals:3)
  Roxanne (Spider:2)
  A frost giant (Shoals:4)
  2 vault wardens (Vaults:2)
  2 ghost moths (Spider:4)
  3 emperor scorpions
  A war gargoyle (WizLab)
  4 entropy weavers
  An ironheart preserver (Vaults:1)
  2 deep elf demonologists (Elf:1)
  5 stone giants
  2 deep elf annihilators
  A spark wasp (Spider:4)
  2 crystal guardians (WizLab)
  3 merfolk javelineers
  2 yaktaur captains (Vaults:2)
  2 ogre magi (D:14)
  Josephine (D:14)
  5 merfolk impalers
  A rakshasa (Vaults:1)
  An ice dragon (Vaults:2)
  4 hydras
  A catoblepas (Shoals:3)
  3 satyrs
  4 centaur warriors
  12 two-headed ogres
  A death knight (D:12)
  4 merfolk aquamancers
  7 dancing weapons
  2 vampire magi (Vaults:2)
  2 death yaks
  2 hell knights (Vaults:3)
  3 iron golems (WizLab)
  2 orc high priests (Orc:2)
  8 deep elf knights
  3 skeletal warriors
  3 sea snakes
  A death drake (Shoals:4)
  An unseen horror (D:14)
  A wizard (Vaults:2)
  8 deep elf archers
  A glowing orange brain (Vaults:2)
  4 ironbrand convokers
  A necromancer (Vaults:3)
  A deep troll (Shoals:4)
  A flayed ghost (D:10)
  3 harpies (Shoals:1)
  19 orb spiders
  15 ugly things
  7 orc knights
  4 orc sorcerers (Orc:2)
  42 deep elf magi
  27 wolf spiders
  9 fauns
  5 cyclopes
  4 moths of wrath
  4 elephants
  11 manticores
  9 merfolk sirens
  A toenail golem (WizLab)
  6 vault sentinels
  2 black mambas (Lair:4)
  2 torpor snails
  A centaur zombie (D:12)
  9 water nymphs
  26 spiny frogs
  6 gargoyles
  5 komodo dragons
  A freezing wraith (Vaults:3)
  9 yaktaurs
  10 demonic crawlers
  5 rime drakes
  A kobold demonologist (D:12)
  A polar bear (Lair:5)
  2 trolls
  2 meliai (Lair:4)
  A queen bee (Lair:4)
  5 tyrant leeches
  3 wind drakes
  37 jumping spiders
  10 hornets
  A blink frog (shapeshifter) (Vaults:2)
  4 hippogriffs
  26 merfolk
  6 slime creatures
  21 blink frogs
  5 snapping turtles
  12 dream sheep
  A fire giant simulacrum (Vaults:3)
  53 redbacks
  9 water elementals
  4 air elementals (Elf:1)
  5 wraiths
  A shadow (D:12)
  30 tarantellas
  3 wyverns
  38 yaks
  2 fire elementals
  3 basilisks
  A steam dragon (Shoals:3)
  4 hungry ghosts
  6 swamp worms
  7 vampire mosquitoes
  A warg (Orc:1)
  3 acid dragons
  Edmund (D:6)
  17 soldier ants
  14 water moccasins
  11 porcupines
  A floating eye (shapeshifter) (Vaults:2)
  Purgy (Sewer)
  6 ice beasts
  5 sky beasts
  40 orc warriors
  5 phantoms
  10 boggarts
  3 eyes of draining
  2 necrophages
  12 ogres
  13 wolves
  12 centaurs
  15 crocodiles
  4 big kobolds
  30 bullfrogs
  A gnoll sergeant (D:12)
  2 wyvern zombies
  7 earth elementals
  A hornet simulacrum (Vaults:1)
  8 scorpions
  30 killer bees
  8 wights
  4 electric eels
  A howler monkey (D:4)
  3 crimson imps
  2 lava snakes (D:10)
  4 hounds
  9 jellies
  29 orc priests
  A wyvern simulacrum (D:14)
  9 centaur skeletons
  36 orc wizards
  5 bullfrog skeletons
  7 iguanas
  Natasha (D:3)
  27 worker ants
  4 hound skeletons
  30 gnolls
  15 adders
  4 river rats (D:5)
  2 shadow imps
  15 oozes
  An adder skeleton (D:5)
  2 worms (D:5)
  A dart slug (D:1)
  8 leopard geckos
  86 orcs
  A ball python (D:3)
  14 bats
  8 giant cockroaches
  6 hobgoblins
  2 jackals (D:8)
  7 kobolds
  8 quokkas
  7 frilled lizards
  4 goblins
  9 rats
  3 fungi
  3 plants
1315 creatures vanquished.

Vanquished Creatures (collateral kills)
  An ancient lich (Vaults:1)
  Mara (Spider:4)
  An orc warlord (Orc:2)
  2 emperor scorpions
  2 stone giants (Vaults:2)
  An entropy weaver (Lair:5)
  A crystal guardian (WizLab)
  5 merfolk impalers
  A hydra (Lair:6)
  An ice dragon (Vaults:2)
  A queen ant (Lair:6)
  A merfolk aquamancer (Shoals:4)
  2 two-headed ogres
  2 orc high priests
  5 death yaks
  2 deep elf knights (Elf:2)
  A vampire mage (Vaults:2)
  Nergalle (Lair:4)
  A skeletal warrior (Vaults:1)
  A sea snake (Shoals:4)
  3 ironbrand convokers (Vaults:2)
  2 deep elf archers (Elf:2)
  A harpy (Shoals:1)
  3 deep elf magi (Elf:2)
  3 wolf spiders (Spider:4)
  3 fauns
  5 orc knights
  2 orb spiders
  An orc sorcerer (Orc:1)
  A manticore (Shoals:4)
  A cyclops (Shoals:4)
  An ugly thing (Vaults:1)
  2 merfolk sirens
  3 elephants (Lair:5)
  A water nymph (Shoals:4)
  A demonic crawler (Spider:1)
  5 spiny frogs
  A komodo dragon (Lair:6)
  6 jumping spiders
  11 merfolk
  A meliai (Lair:4)
  A hornet (Spider:4)
  A wind drake (Shoals:4)
  8 dream sheep
  A hippogriff (Lair:5)
  3 snapping turtles
  8 blink frogs (Lair:6)
  5 redbacks
  2 tarantellas
  A water elemental (Shoals:4)
  3 yaks (Lair:6)
  3 vampire mosquitoes (Lair:6)
  7 soldier ants (Lair:6)
  A water moccasin (Lair:5)
  11 orc warriors
  2 ogres
  3 crocodiles (Lair:6)
  A bullfrog (Lair:6)
  3 orc priests
  2 orc wizards
  5 worker ants (Lair:6)
  An adder (Orc:2)
  19 orcs
  A giant cockroach (Orc:2)
  A frilled lizard (Orc:2)
  2 fungi (Lair:5)
  A plant (Shoals:2)
186 creatures vanquished.

Vanquished Creatures (others)
  An electric golem (WizLab)
  A fire giant (Vaults:3)
  A revenant (Vaults:2)
  A minotaur (Vaults:2)
  3 yaktaur captains
  A dancing weapon (Elf:2)
  A hell knight (Vaults:3)
  A deep elf archer (Elf:2)
  An orc knight (Vaults:2)
  2 cyclopes
  2 yaktaurs (Vaults:3)
  2 tyrant leeches (Lair:2)
  A steam dragon (Shoals:4)
  A centaur (D:14)
  An orc wizard (Orc:1)
  A ball lightning (Shoals:4)
  5 orcs
  A bush (Lair:2)
  32 fungi
  55 plants
  4 toadstools (D:5)
118 creatures vanquished.

Grand Total: 1619 creatures vanquished

Notes
Turn   | Place    | Note
-------+----------+-------------------------------------------
     0 | D:1      | nubinia the Gnoll Conjurer began the quest for the Orb.
     0 | D:1      | Reached XP level 1. HP: 13/13 MP: 6/6
   152 | D:1      | Reached XP level 2. HP: 19/19 MP: 4/7
   534 | D:1      | Reached XP level 3. HP: 21/25 MP: 1/9
   610 | D:1      | Learned a level 3 spell: Dazzling Spray
   753 | D:1      | Reached skill level 5 in Spellcasting
   871 | D:2      | Reached skill level 1 in Invocations
  1013 | D:2      | Found a blossoming altar of Fedhas.
  1079 | D:2      | Reached skill level 1 in Fighting
  1079 | D:2      | Reached skill level 1 in Short Blades
  1079 | D:2      | Reached skill level 1 in Long Blades
  1079 | D:2      | Reached skill level 1 in Axes
  1079 | D:2      | Reached skill level 1 in Maces & Flails
  1079 | D:2      | Reached skill level 1 in Polearms
  1079 | D:2      | Reached skill level 1 in Staves
  1079 | D:2      | Reached skill level 1 in Slings
  1079 | D:2      | Reached skill level 1 in Bows
  1079 | D:2      | Reached skill level 1 in Crossbows
  1079 | D:2      | Reached skill level 1 in Throwing
  1079 | D:2      | Reached skill level 1 in Armour
  1079 | D:2      | Reached skill level 1 in Shields
  1079 | D:2      | Reached skill level 1 in Unarmed Combat
  1079 | D:2      | Reached skill level 1 in Evocations
  1079 | D:2      | Reached XP level 4. HP: 32/32 MP: 6/11
  1162 | D:2      | Found a shimmering altar of Xom.
  1180 | D:2      | Reached skill level 1 in Hexes
  1180 | D:2      | Reached skill level 1 in Charms
  1180 | D:2      | Reached skill level 1 in Summonings
  1180 | D:2      | Reached skill level 1 in Necromancy
  1180 | D:2      | Reached skill level 1 in Translocations
  1180 | D:2      | Reached skill level 1 in Transmutations
  1180 | D:2      | Reached skill level 1 in Fire Magic
  1180 | D:2      | Reached skill level 1 in Ice Magic
  1180 | D:2      | Reached skill level 1 in Air Magic
  1180 | D:2      | Reached skill level 1 in Earth Magic
  1180 | D:2      | Reached skill level 1 in Poison Magic
  1378 | D:2      | Reached XP level 5. HP: 32/37 MP: 1/12
  2349 | D:3      | Reached XP level 6. HP: 42/44 MP: 9/13
  2383 | D:3      | Learned a level 4 spell: Iskenderun's Mystic Blast
  2388 | D:3      | Learned a level 4 spell: Force Lance
  2834 | D:3      | Noticed Natasha
  2844 | D:3      | Killed Natasha
  2844 | D:3      | Reached skill level 5 in Dodging
  3309 | D:4      | Found a hide-covered altar of Uskayaw.
  3309 | D:4      | Noticed a +0 hand axe
  3311 | D:4      | Noticed a +0 hand axe
  3335 | D:3      | Reached XP level 7. HP: 11/50 MP: 3/15
  3740 | D:4      | Found a shadowy altar of Dithmenos.
  4030 | D:4      | Found an opulent altar of Gozag.
  4088 | D:4      | Reached skill level 5 in Stealth
  4428 | D:4      | Identified the +0 ring mail of Sompi {Regen+} (You found it
                  | on level 4 of the Dungeon)
  4665 | D:5      | Entered Level 5 of the Dungeon
  4805 | D:5      | Found a glowing drain.
  4813 | Sewer    | Entered a sewer
  4882 | Sewer    | Noticed Purgy
  4898 | Sewer    | Killed Purgy
  4898 | Sewer    | Reached XP level 8. HP: 55/57 MP: 16/16
  5009 | D:5      | Found a sacrificial altar of Ru.
  6280 | D:5      | Reached XP level 9. HP: 65/65 MP: 18/18
  6719 | D:6      | Found Zin's Purification Station.
  6748 | D:6      | Found a glowing silver altar of Zin.
  6823 | D:6      | Noticed Edmund
  6844 | D:6      | Killed Edmund
  7269 | D:6      | Found a staircase to the Ecumenical Temple.
  7275 | Temple   | Entered the Ecumenical Temple
  7401 | Temple   | Became a worshipper of Nemelex Xobeh the Trickster
  7449 | D:6      | Received a gift from Nemelex Xobeh
  7677 | D:6      | Found an iron altar of Okawaru.
  8016 | D:7      | Reached skill level 5 in Invocations
  8180 | D:7      | Found a burning altar of Makhleb.
  8195 | D:7      | Reached XP level 10. HP: 72/72 MP: 20/20
  8584 | D:7      | Found a snail-covered altar of Cheibriados.
  8587 | D:7      | Found a radiant altar of Vehumet.
  8590 | D:7      | Found an ornate altar of the Wu Jian Council.
  8593 | D:7      | Found a deep blue altar of Sif Muna.
  8955 | D:7      | Reached skill level 5 in Fighting
  8955 | D:7      | Reached skill level 5 in Short Blades
  8955 | D:7      | Reached skill level 5 in Long Blades
  8955 | D:7      | Reached skill level 5 in Axes
  8955 | D:7      | Reached skill level 5 in Maces & Flails
  8955 | D:7      | Reached skill level 5 in Polearms
  8955 | D:7      | Reached skill level 5 in Staves
  8955 | D:7      | Reached skill level 5 in Slings
  8955 | D:7      | Reached skill level 5 in Bows
  8955 | D:7      | Reached skill level 5 in Crossbows
  8955 | D:7      | Reached skill level 5 in Throwing
  8955 | D:7      | Reached skill level 5 in Armour
  8955 | D:7      | Reached skill level 5 in Shields
  8955 | D:7      | Reached skill level 5 in Unarmed Combat
  8955 | D:7      | Reached skill level 5 in Evocations
  9198 | D:8      | Reached * piety under Nemelex Xobeh
  9355 | D:8      | Found a staircase to the Lair.
  9600 | D:8      | Received a gift from Nemelex Xobeh
 10323 | Lair:1   | Entered Level 1 of the Lair of Beasts
 10392 | Lair:1   | Reached XP level 11. HP: 80/80 MP: 22/22
 10532 | Lair:1   | Identified the cursed +2 long sword "Mouxzy" {pain,
                  | *Corrode rElec rPois rF+} (You found it on level 1 of the
                  | Lair of Beasts)
 10718 | Lair:1   | Reached ** piety under Nemelex Xobeh
 10877 | Lair:1   | Received a gift from Nemelex Xobeh
 11212 | Lair:1   | Reached skill level 5 in Hexes
 11212 | Lair:1   | Reached skill level 5 in Charms
 11212 | Lair:1   | Reached skill level 5 in Summonings
 11212 | Lair:1   | Reached skill level 5 in Necromancy
 11212 | Lair:1   | Reached skill level 5 in Translocations
 11212 | Lair:1   | Reached skill level 5 in Transmutations
 11212 | Lair:1   | Reached skill level 5 in Fire Magic
 11212 | Lair:1   | Reached skill level 5 in Ice Magic
 11212 | Lair:1   | Reached skill level 5 in Air Magic
 11212 | Lair:1   | Reached skill level 5 in Earth Magic
 11212 | Lair:1   | Reached skill level 5 in Poison Magic
 11503 | Lair:2   | Received a gift from Nemelex Xobeh
 11957 | Lair:2   | Reached *** piety under Nemelex Xobeh
 11971 | Lair:2   | Noticed Gastronok
 12636 | Lair:2   | You fall into a shaft and drop 1 floor!
 12921 | Lair:3   | Noticed a six-headed hydra
 13218 | Lair:2   | Reached XP level 12. HP: 83/89 MP: 24/24
 13775 | Lair:2   | Killed Gastronok
 13850 | Lair:2   | Found the +7 lajatang of Order {silver, rMut}
 13932 | Lair:3   | Killed a six-headed hydra
 14501 | Lair:3   | Received a gift from Nemelex Xobeh
 14849 | Lair:4   | Noticed a death yak
 14851 | Lair:4   | Reached **** piety under Nemelex Xobeh
 14854 | Lair:4   | Noticed a death yak
 14933 | Lair:4   | Noticed Nergalle
 14973 | Lair:4   | Found a staircase to the Shoals.
 15002 | Lair:3   | Upgraded the game from 0.24-a0-446-g87df7205b4 to
                  | 0.24-a0-447-ge8da9206dc
 15079 | Lair:4   | Noticed a death yak
 15085 | Lair:4   | Killed a death yak
 15088 | Lair:4   | Noticed a death yak
 15089 | Lair:4   | Killed a death yak
 15091 | Lair:4   | Killed a death yak
 15097 | Lair:4   | Killed a death yak
 15123 | Lair:4   | Killed Nergalle
 15162 | Lair:4   | Received a gift from Nemelex Xobeh
 15164 | Lair:4   | Found a hole to the Spider Nest.
 15176 | Lair:4   | Reached XP level 13. HP: 59/98 MP: 26/26
 15901 | Lair:5   | Found a viscous altar of Jiyva.
 15901 | Lair:5   | Found a staircase to the Slime Pits.
 16084 | Lair:5   | Learned a level 4 spell: Summon Lightning Spire
 16340 | Lair:5   | Received a gift from Nemelex Xobeh
 16467 | Lair:5   | Learned a level 5 spell: Iskenderun's Battlesphere
 16700 | Lair:6   | Entered Level 6 of the Lair of Beasts
 16711 | Lair:6   | Reached skill level 10 in Conjurations
 17105 | Lair:6   | Received a gift from Nemelex Xobeh
 17208 | Lair:6   | Reached skill level 10 in Spellcasting
 17227 | Lair:6   | Reached XP level 14. HP: 106/106 MP: 4/28
 17699 | Lair:6   | Reached skill level 10 in Dodging
 17796 | Lair:6   | Reached ***** piety under Nemelex Xobeh
 17954 | Lair:6   | Noticed an entropy weaver
 17954 | Lair:6   | Noticed an entropy weaver
 18317 | Lair:5   | Killed an entropy weaver
 18330 | Lair:5   | Killed an entropy weaver
 18678 | Lair:6   | Reached skill level 10 in Stealth
 19324 | Lair:6   | Identified the +10 scale mail of Parlour Games {*Corrode
                  | Str+2 Stlth+} (You found it on level 6 of the Lair of
                  | Beasts)
 19692 | D:9      | Received a gift from Nemelex Xobeh
 19692 | D:9      | Found a runed translucent door.
 19692 | D:9      | Noticed PeterQ's ghost (novice GnAs)
 19864 | D:9      | Received a gift from Nemelex Xobeh
 20036 | D:10     | Entered Level 10 of the Dungeon
 20089 | D:10     | Found a staircase to the Orcish Mines.
 20126 | D:10     | Received a gift from Nemelex Xobeh
 20140 | D:10     | Found a portal to a secret trove of treasure.
 20179 | D:10     | Reached skill level 10 in Invocations
 20246 | D:10     | You fall into a shaft and drop 2 floors!
 20494 | D:12     | Found a transporter.
 20497 | D:12     | Noticed hemabe's ghost (adept HuAr)
 20901 | D:10     | Received a gift from Nemelex Xobeh
 21350 | D:10     | Identified the +0 scale mail "Womusael" {*Slow rF+ Str+4
                  | Int+2}
 21459 | D:10     | Found a deep blue altar of Sif Muna.
 21698 | Orc:1    | Entered Level 1 of the Orcish Mines
 21701 | Orc:1    | Noticed a stone giant
 21843 | Orc:1    | Upgraded the game from 0.24-a0-447-ge8da9206dc to
                  | 0.24-a0-451-g263dff2034
 21855 | Orc:1    | Killed a stone giant
 22054 | Orc:2    | Entered Level 2 of the Orcish Mines
 22057 | Orc:2    | Noticed a stone giant
 22157 | Orc:1    | Received a gift from Nemelex Xobeh
 22198 | Orc:1    | Found a roughly hewn altar of Beogh.
 22526 | Orc:1    | Paralysed by an orc sorcerer for 2 turns
 22528 | Orc:1    | Upgraded the game from 0.24-a0-451-g263dff2034 to
                  | 0.24-a0-458-gfcb5e6da0e
 22707 | Orc:2    | Reached XP level 15. HP: 108/114 MP: 22/29
 22912 | Orc:2    | Received a gift from Nemelex Xobeh
 23102 | Orc:2    | Found a staircase to the Elven Halls.
 23491 | Orc:2    | Noticed an orc warlord
 23997 | Orc:2    | Killed an orc warlord
 24894 | Orc:2    | Found Foimnimm's General Store.
 24921 | Orc:2    | Found Xatudo Samo's Antique Armour Boutique.
 24921 | Orc:2    | Found Zid Xery's Antique Weapon Shop.
 24923 | Orc:2    | Found Byunnait's Jewellery Boutique.
 24928 | Orc:2    | Bought the ring "Ogemyrob" {MR+ rCorr Str+3 Dex+4} for 851
                  | gold pieces
 24940 | Orc:2    | Bought a pitted mace for 184 gold pieces
 24940 | Orc:2    | Identified the +8 mace of Paleuqau {crush, rF++ MR+ Str+4}
                  | (You bought it in a shop on level 2 of the Orcish Mines)
 24993 | Orc:2    | Bought a +0 pair of gloves of archery for 138 gold pieces
 25243 | Shoals:1 | Entered Level 1 of the Shoals
 25575 | Shoals:1 | Received a gift from Nemelex Xobeh
 25969 | Shoals:1 | Reached skill level 10 in Fighting
 25969 | Shoals:1 | Reached skill level 10 in Short Blades
 25969 | Shoals:1 | Reached skill level 10 in Long Blades
 25969 | Shoals:1 | Reached skill level 10 in Axes
 25969 | Shoals:1 | Reached skill level 10 in Maces & Flails
 25969 | Shoals:1 | Reached skill level 10 in Polearms
 25969 | Shoals:1 | Reached skill level 10 in Staves
 25969 | Shoals:1 | Reached skill level 10 in Slings
 25969 | Shoals:1 | Reached skill level 10 in Bows
 25969 | Shoals:1 | Reached skill level 10 in Crossbows
 25969 | Shoals:1 | Reached skill level 10 in Throwing
 25969 | Shoals:1 | Reached skill level 10 in Armour
 25969 | Shoals:1 | Reached skill level 10 in Shields
 25969 | Shoals:1 | Reached skill level 10 in Unarmed Combat
 25969 | Shoals:1 | Reached skill level 10 in Evocations
 26792 | Shoals:2 | Received a gift from Nemelex Xobeh
 26813 | Shoals:2 | Got a fine chain mail
 29102 | Shoals:2 | Reached XP level 16. HP: 115/122 MP: 31/31
 29668 | Orc:2    | Bought an uncursed amulet of regeneration for 540 gold
                  | pieces
 30290 | Shoals:3 | Received a gift from Nemelex Xobeh
 30612 | D:8      | Identified the cursed +1 chain mail of Ijeadd {Stlth+} (You
                  | found it on level 2 of the Shoals)
 30861 | Shoals:3 | Noticed Polyphemus
 31017 | Shoals:2 | Upgraded the game from 0.24-a0-458-gfcb5e6da0e to
                  | 0.24-a0-459-g225fefd530
 31458 | Shoals:3 | Killed Polyphemus
 31662 | Shoals:3 | Learned a level 2 spell: Poisonous Vapours
 31667 | Shoals:3 | Learned a level 4 spell: Ice Form
 31931 | Shoals:4 | Entered Level 4 of the Shoals
 32077 | Shoals:4 | Received a gift from Nemelex Xobeh
 32115 | Shoals:4 | Identified the +1 trident of Armageddon {drain, Str+7}
 32122 | Shoals:4 | Learned a level 2 spell: Passwall
 32339 | Shoals:4 | Received a gift from Nemelex Xobeh
 32388 | Shoals:4 | Reached ****** piety under Nemelex Xobeh
 32601 | Shoals:4 | Found the +10 large shield of Ignorance {rN+ Int-4}
 32616 | Shoals:4 | Identified the +2 long sword "Beetle's Funeral" {protect,
                  | rC+}
 32908 | Shoals:4 | Identified the +3 ring mail "Houpsirch" {MR+} (You found it
                  | on level 4 of the Shoals)
 33823 | Shoals:4 | Got a barnacled rune of Zot
 34021 | Spider:1 | Entered Level 1 of the Spider Nest
 34234 | Spider:1 | Received a gift from Nemelex Xobeh
 35062 | Spider:1 | Received a gift from Nemelex Xobeh
 35271 | Spider:1 | Learned a level 3 spell: Mephitic Cloud
 35346 | Spider:2 | Reached XP level 17. HP: 131/131 MP: 31/33
 35426 | Spider:2 | Noticed Arachne
 35436 | Spider:2 | Killed Arachne
 35765 | Spider:2 | Received a gift from Nemelex Xobeh
 36062 | Spider:2 | Identified Roxanne's Compendium of Transmigration
 36062 | Spider:2 | Noticed Roxanne
 36099 | Spider:2 | Received a gift from Nemelex Xobeh
 37093 | Spider:2 | Killed Roxanne
 37974 | Spider:3 | Learned a level 2 spell: Blink
 38158 | Spider:3 | Received a gift from Nemelex Xobeh
 38389 | Spider:3 | Found a runed translucent gate.
 38393 | Spider:3 | Found a runed translucent gate.
 38394 | Spider:3 | Found a runed translucent gate.
 38407 | Spider:3 | Noticed jeroenos's ghost (journeyman DsFi)
 38536 | Spider:4 | Entered Level 4 of the Spider Nest
 39003 | Spider:4 | Received a gift from Nemelex Xobeh
 39748 | Spider:4 | Noticed Mara
 39750 | Spider:4 | Identified the -1 trident "Killer Klown's Peril" {flame,
                  | rC+++ Int+2 Stlth-}
 39761 | Spider:4 | Killed Mara
 39761 | Spider:4 | Reached skill level 10 in Hexes
 39761 | Spider:4 | Reached skill level 10 in Charms
 39761 | Spider:4 | Reached skill level 10 in Summonings
 39761 | Spider:4 | Reached skill level 10 in Necromancy
 39761 | Spider:4 | Reached skill level 10 in Translocations
 39761 | Spider:4 | Reached skill level 10 in Transmutations
 39761 | Spider:4 | Reached skill level 10 in Fire Magic
 39761 | Spider:4 | Reached skill level 10 in Ice Magic
 39761 | Spider:4 | Reached skill level 10 in Air Magic
 39761 | Spider:4 | Reached skill level 10 in Earth Magic
 39761 | Spider:4 | Reached skill level 10 in Poison Magic
 39794 | Spider:4 | Reached XP level 18. HP: 139/139 MP: 34/34
 40364 | Spider:4 | Found a large runed translucent door.
 40364 | Spider:4 | Found a large runed translucent door.
 40411 | Spider:4 | Noticed Shaidar's ghost (adept GrFi)
 41014 | Spider:4 | Got a gossamer rune of Zot
 41826 | Elf:1    | Entered Level 1 of the Elven Halls
 41873 | Elf:1    | Noticed a Brimstone Fiend
 41875 | Elf:1    | Noticed a Hell Sentinel
 42460 | Elf:1    | Identified the Disquisition on the Escort
 42661 | Elf:1    | Received a gift from Nemelex Xobeh
 42907 | Elf:1    | Learned a level 3 spell: Portal Projectile
 42912 | Elf:1    | Learned a level 4 spell: Cause Fear
 42919 | Elf:1    | Learned a level 4 spell: Passage of Golubria
 43423 | Elf:1    | Received a gift from Nemelex Xobeh
 44833 | Elf:2    | Received a gift from Nemelex Xobeh
 45493 | Elf:2    | Found a runed translucent gate.
 45493 | Elf:2    | Found a runed translucent gate.
 45493 | Elf:2    | Found a runed translucent gate.
 45843 | D:12     | Received a gift from Nemelex Xobeh
 45846 | D:12     | Found Giuponga's Assorted Antiques.
 45854 | D:12     | Bought a ring of protection for 60 gold pieces
 46020 | D:11     | Got a transparent diamond amulet
 46021 | D:11     | Identified the amulet "Doox" {Faith Str+2} (You found it on
                  | level 11 of the Dungeon)
 46484 | D:12     | Found a transporter.
 46800 | D:12     | Received a gift from Nemelex Xobeh
 47090 | D:13     | Reached XP level 19. HP: 147/147 MP: 33/36
 47619 | D:13     | Received a gift from Nemelex Xobeh
 47835 | D:14     | Received a gift from Nemelex Xobeh
 48007 | D:14     | Gained mutation: You are resistant to electric shocks.
                  | (rElec) [potion of mutation]
 48007 | D:14     | Gained mutation: Your mind is acute. (Int +2) [potion of
                  | mutation]
 48007 | D:14     | Gained mutation: You expend magic power (3 MP) to
                  | strengthen your wands. [potion of mutation]
 48007 | D:14     | Gained mutation: You possess an exceptional clarity of
                  | mind. [potion of mutation]
 48447 | D:14     | Received a gift from Nemelex Xobeh
 48617 | D:14     | Found a gate to the Vaults.
 48654 | D:14     | Noticed Josephine
 48660 | D:14     | Killed Josephine
 49107 | Vaults:1 | Entered Level 1 of the Vaults
 49185 | Vaults:1 | Received a gift from Nemelex Xobeh
 49185 | Vaults:1 | Found a flickering gateway to a bazaar.
 49211 | Bazaar   | Entered a bazaar
 49211 | Bazaar   | Found Uriemixt's Book Boutique.
 49211 | Bazaar   | Found Nado's Magic Scroll Boutique.
 49213 | Bazaar   | Found Feniw's Weapon Shoppe.
 49239 | Bazaar   | Found Tomouthu's Jewellery Emporium.
 49336 | Bazaar   | Bought 3 scrolls of enchant armour for 337 gold pieces
 49422 | Vaults:1 | Found a runed translucent gate.
 49422 | Vaults:1 | Found a runed translucent gate.
 49422 | Vaults:1 | Found an ancient bone altar of Kikubaaqudgha.
 49422 | Vaults:1 | Found a runed translucent gate.
 49422 | Vaults:1 | Noticed an ancient lich
 49422 | Vaults:1 | Noticed Neal's ghost (adept DDFi)
 49492 | Vaults:1 | Received a gift from Nemelex Xobeh
 49871 | Vaults:1 | Received a gift from Nemelex Xobeh
 50636 | Vaults:1 | Noticed a lich
 50655 | Vaults:1 | Killed a lich
 50798 | Vaults:1 | Killed an ancient lich
 51029 | Vaults:2 | Received a gift from Nemelex Xobeh
 51132 | Vaults:2 | Paralysed by a floating eye for 2 turns
 51214 | Vaults:2 | Found a magical portal.
 51248 | WizLab   | Entered Doroklohe's Tomb
 51518 | WizLab   | Learned a level 5 spell: Lee's Rapid Deconstruction
 51699 | WizLab   | Noticed an electric golem
 51720 | WizLab   | Killed an electric golem
 52655 | Vaults:2 | Reached XP level 20. HP: 82/155 MP: 12/37
 52687 | Vaults:2 | Received a gift from Nemelex Xobeh
 52687 | Vaults:2 | Found a staircase to the Crypt.
 53404 | Vaults:2 | Received a gift from Nemelex Xobeh
 53936 | Vaults:2 | Upgraded the game from 0.24-a0-459-g225fefd530 to
                  | 0.24-a0-462-ge24419a6ad
 54170 | Vaults:3 | Noticed Margery
 54191 | Vaults:3 | Killed Margery
 54296 | Vaults:3 | Noticed Sojobo
 54586 | Vaults:3 | Killed from afar by Sojobo

Levels and vault maps discovered:
D:1:      minmay_arrival_stair_chambers, layout_basic
D:2:      layout_loops_ring, overflow_temple_1_default, old_standard_altar
D:3:      layout_loops_cross, first_ration, hangedman_abyss_or_decor_stabs,
          uniq_natasha
D:4:      layout_loops_ring, dancing_weapons_uskayaw,
          lemuel_coloured_pillars_altar, grunt_dithmenos_shadows,
          minmay_strange_pillars, nrook_campfire
D:5:      minmay_chambers_of_threes, layout_basic,
          nicolae_ru_great_annihilating_truth, lightli_sewer_entry_pipes,
          minmay_gold_behind_fungi
D:6:      layout_basic, zin_purify, okawaru_ov_weapons_minmay,
          minmay_temple_entry_fiery, uniq_edmund
D:7:      lemuel_slime, layout_layer_cave, grunt_temple_overflow_cloverleaf,
          makhleb_blood_cavern_becter
D:8:      layout_basic, minmay_lair_entry_grove, grunt_pizzeria,
          nicolae_straight_to_the_point
D:9:      layout_cave_pools, hellmonk_ghost_happy_afterlife
D:10:     cheibrodos_ideogram_h, layout_irregular_city, orc_david_3,
          enter_trove_0, basic_altar, kennysheep_island_fort
D:11:     layout_loops_ring
D:12:     layout_irregular_city, gammafunk_ghost_stat_death, serial_shops,
          nicolae_shop_overgrown_old_shop, lemuel_flamethrower_1
D:13:     layout_big_octagon, serial_bayou_pond_e, minmay_orc_keep
D:14:     layout_roguey, hangedman_vaults_entry_quadrant_bands, uniq_josephine
Temple:   nicolae_temple_figure_zero
Lair:1:   layout_gridlike, serial_bayou_lake_a, grunt_megastairs_5
Lair:2:   layout_regular_city, grunt_forest_small_clearings, minmay_holes,
          worms_lemuel, uniq_gastronok
Lair:3:   layout_big_grid, grunt_megastairs_4, infiniplex_staircase_pool_2,
          lemuel_fruit_tree
Lair:4:   layout_roguey [special_room_bee], shoals_dummy_entry,
          spider_nest_entry_rubble, st_stairs_9, uniq_nergalle
Lair:5:   layout_cave_shapes, slime_altar_1
Lair:6:   minmay_lair_end_frog_pond, layout_regular_city, minivault_29
Shoals:1: layout_shoals, nicolae_shoals_flooded_hall
Shoals:2: layout_shoals, nicolae_shoals_wave_tunnel
Shoals:3: layout_shoals, nicolae_shoals_dead_sea_scrolls, uniq_polyphemus
Shoals:4: shoals_end_simple, layout_shoals, nicolae_shoals_drake_roost
Spider:1: layout_spider_delve, hangedman_spider_tarantella_strand
Spider:2: layout_chambers, uniq_roxanne, uniq_arachne
Spider:3: layout_spider_delve, gammafunk_ghost_tricky_traps
Spider:4: spider_rune_water, ebering_ghost_disaster_area, nicolae_spider_shape,
          uniq_mara
Orc:1:    layout_diamond_mine, basic_altar
Orc:2:    st_orc_congregation, layout_diamond_mine
Elf:1:    minmay_elf_arrival_plus, layout_onion_city, minmay_elf_demonology
Elf:2:    layout_onion_city
Vaults:1: gammafunk_vaults_ghost_crypt, v_rooms_5, v_misc_19,
          vaults_mumra_chevron, v_rooms_2, nicolae_vaults_ring_of_whatevers,
          ontoclasm_vaults_loading_screen, layout_vaults_omnigrid, serial_shops,
          bzr_in_the_mist
Vaults:2: nicolae_vaults_angled_halls, minmay_crypt_entry_simple_sparse,
          ontoclasm_vaults_twist, vaults_room_corners,
          hangedman_vaults_capsules, v_misc_30, ontoclasm_vaults_bender,
          v_misc_31, layout_vaults_omnicross, lightli_enter_wizlab_magi_temple
Vaults:3: hangedman_vaults_snaps, hangedman_vaults_river_flow,
          hangedman_vaults_slice, grunt_vaults_swirl, v_misc_8,
          hangedman_vaults_maws, v_misc_24, layout_vaults_ring, uniq_margery,
          uniq_sojobo, uniq_xtahua

Skill      XL: |  1  2  3  4  5  6  7  8  9 10 11 12 13 14 15 16 17 18 19 20 |
---------------+-------------------------------------------------------------+-----
Spellcasting   | 5 6 7 8 9 10 11 12 13 | 13.9
Invocations    | 1 2 3 4 5 6 7 8 9 10 11 12 13 14 | 14.2
Fighting       | 1 2 3 4 5 6 7 8 9 10 11 12 13 | 13.1
Short Blades   | 1 2 3 4 5 6 7 8 9 10 11 12 13 | 13.1
Long Blades    | 1 2 3 4 5 6 7 8 9 10 11 12 13 | 13.1
Axes           | 1 2 3 4 5 6 7 8 9 10 11 12 13 | 13.1
Maces & Flails | 1 2 3 4 5 6 7 8 9 10 11 12 13 | 13.1
Polearms       | 1 2 3 4 5 6 7 8 9 10 11 12 13 | 13.1
Staves         | 1 2 3 4 5 6 7 8 9 10 11 12 13 | 13.1
Slings         | 1 2 3 4 5 6 7 8 9 10 11 12 13 | 13.1
Bows           | 1 2 3 4 5 6 7 8 9 10 11 12 13 | 13.1
Crossbows      | 1 2 3 4 5 6 7 8 9 10 11 12 13 | 13.1
Throwing       | 1 2 3 4 5 6 7 8 9 10 11 12 13 | 13.1
Armour         | 1 2 3 4 5 6 7 8 9 10 11 12 13 | 13.1
Shields        | 1 2 3 4 5 6 7 8 9 10 11 12 13 14 | 14.1
Unarmed Combat | 1 2 3 4 5 6 7 8 9 10 11 12 13 | 13.1
Evocations     | 1 2 3 4 5 6 7 8 9 10 11 12 13 | 13.1
Hexes          | 1 2 3 4 5 6 7 8 9 10 11 | 11.3
Charms         | 1 2 3 4 5 6 7 8 9 10 11 | 11.3
Summonings     | 1 2 3 4 5 6 7 8 9 10 11 | 11.3
Necromancy     | 1 2 3 4 5 6 7 8 9 10 11 | 11.3
Translocations | 1 2 3 4 5 6 7 8 9 10 11 | 11.3
Transmutations | 1 2 3 4 5 6 7 8 9 10 11 | 11.3
Fire Magic     | 1 2 3 4 5 6 7 8 9 10 11 | 11.3
Ice Magic      | 1 2 3 4 5 6 7 8 9 10 11 | 11.3
Air Magic      | 1 2 3 4 5 6 7 8 9 10 11 | 11.3
Earth Magic    | 1 2 3 4 5 6 7 8 9 10 11 | 11.3
Poison Magic   | 1 2 3 4 5 6 7 8 9 10 11 | 11.3
Dodging        | 5 6 7 8 9 10 11 12 13 | 13.8
Stealth        | 5 6 7 8 9 10 11 12 13 | 13.7
Conjurations   | 8 9 10 11 12 13 | 13.0

Action                   |  1- 3 |  4- 6 |  7- 9 | 10-12 | 13-15 | 16-18 | 19-21 || total
-------------------------+-------+-------+-------+-------+-------+-------+-------++-------
Melee: Hunting sling     |       |     1 |       |       |       |       |       ||     1
       Falchion          |       |       |   417 |   906 |  1029 |       |       ||  2352
       Bite              |       |       |    52 |   141 |   166 |   195 |   174 ||   728
       Mace              |       |       |       |       |   152 |  1028 |   885 ||  2065
 Fire: Hunting sling     |       |    80 |    18 |       |       |       |       ||    98
Throw: Dart              |       |       |     8 |    21 |    43 |   137 |    22 ||   231
       Boomerang         |       |       |       |       |       |     1 |       ||     1
 Cast: Magic Dart        |    50 |    95 |   147 |   107 |   388 |   335 |   103 ||  1225
       Dazzling Spray    |       |     8 |    19 |   101 |    95 |   171 |    51 ||   445
       Iskenderun's Myst |       |       |     5 |    16 |    33 |    62 |    33 ||   149
       Force Lance       |       |       |       |    37 |    48 |    68 |    17 ||   170
       Summon Lightning  |       |       |       |       |    65 |    36 |    13 ||   114
       Iskenderun's Batt |       |       |       |       |   112 |   162 |    48 ||   322
       Poisonous Vapours |       |       |       |       |       |     9 |       ||     9
       Passwall          |       |       |       |       |       |     7 |       ||     7
       Mephitic Cloud    |       |       |       |       |       |     1 |     1 ||     2
       Blink             |       |       |       |       |       |     1 |       ||     1
       Lee's Rapid Decon |       |       |       |       |       |       |    14 ||    14
Invok: Stack Five        |       |       |       |       |     1 |     1 |       ||     2
 Abil: Draw Destruction  |       |       |       |     7 |    19 |    18 |    10 ||    54
       Draw Summoning    |       |       |       |     3 |     7 |    12 |    10 ||    32
       Draw Stack        |       |       |       |       |     3 |     4 |     2 ||     9
       Draw Escape       |       |       |       |       |     2 |     2 |       ||     4
Evoke: Wand              |       |       |       |       |     6 |    22 |       ||    28
       Phial of floods   |       |       |       |       |     3 |     2 |     1 ||     6
       Lightning rod     |       |       |       |       |       |       |     5 ||     5
  Use: Scroll            |       |    13 |     9 |    11 |    17 |    18 |     6 ||    74
       Potion            |       |       |       |     1 |     4 |     9 |     9 ||    23
 Stab: Sleeping          |       |       |     8 |     5 |    10 |    14 |    26 ||    63
       Invisible         |       |       |     4 |    25 |     9 |    17 |     1 ||    56
       Paralysed         |       |       |     1 |       |       |       |       ||     1
       Distracted        |       |       |       |     4 |    11 |     8 |    10 ||    33
       Petrified         |       |       |       |       |     5 |       |    11 ||    16
       Petrifying        |       |       |       |       |     1 |       |     4 ||     5
       Confused          |       |       |       |       |       |       |     2 ||     2
  Eat: Chunk             |       |     7 |    12 |    23 |    70 |    65 |    24 ||   201
       Ration            |       |       |     2 |     2 |     1 |     6 |     3 ||    14
Armor: Robe              |     3 |       |       |       |    32 |    45 |       ||    80
       Leather armour    |     1 |     8 |     9 |       |       |     8 |    63 ||    89
       Ring mail         |       |       |   114 |   272 |   235 |   280 |       ||   901
Dodge: Dodged            |     9 |    39 |   250 |   544 |   868 |   789 |   163 ||  2662
Block: Buckler           |       |       |    98 |   204 |   359 |   315 |       ||   976
       Large shield      |       |       |       |       |       |   444 |   926 ||  1370
       Reflection        |       |       |       |       |       |    31 |    50 ||    81
       Rpst.: Falchion   |       |       |    78 |   181 |   225 |       |       ||   484

Table legend:
 A = Non-vault XP
 B = Vault XP
 C = Vault XP percentage of total XP
 D = Non-vault monster count
 E = Vault monster count
 F = Vault count percentage of total count
                 A         B        C        D         E       F
            +---------+---------+-------+---------+---------+-------
      Total |  254052 |  179162 |  41.4 |     994 |     523 |  34.5
            +---------+---------+-------+---------+---------+-------
        D:1 |      38 |       0 |   0.0 |      21 |       0 |   0.0
        D:2 |     202 |       0 |   0.0 |      27 |       0 |   0.0
        D:3 |     357 |      35 |   8.9 |      24 |       1 |   4.0
        D:4 |     371 |     124 |  25.1 |      23 |       1 |   4.2
        D:5 |     679 |     763 |  52.9 |      21 |      21 |  50.0
        D:6 |     765 |     164 |  17.7 |      19 |       1 |   5.0
        D:7 |    1290 |     794 |  38.1 |      29 |      23 |  44.2
        D:8 |     935 |    2063 |  68.8 |      22 |      14 |  38.9
        D:9 |      69 |       0 |   0.0 |       2 |       0 |   0.0
       D:10 |    2489 |    2662 |  51.7 |      24 |      29 |  54.7
       D:11 |    5302 |       0 |   0.0 |      30 |       0 |   0.0
       D:12 |    5757 |       0 |   0.0 |      44 |       0 |   0.0
       D:13 |    4502 |    1629 |  26.6 |      19 |       9 |  32.1
       D:14 |   13626 |    8968 |  39.7 |      33 |      22 |  40.0
     Lair:1 |    2768 |     381 |  12.1 |      13 |       3 |  18.8
     Lair:2 |    4645 |    4624 |  49.9 |      26 |      11 |  29.7
     Lair:3 |    5966 |    1058 |  15.1 |      24 |       6 |  20.0
     Lair:4 |    6697 |    3516 |  34.4 |      26 |      29 |  52.7
     Lair:5 |    7747 |    2853 |  26.9 |      31 |       5 |  13.9
     Lair:6 |    6313 |   15523 |  71.1 |      32 |      90 |  73.8
   Shoals:1 |   11809 |    3489 |  22.8 |      34 |       9 |  20.9
   Shoals:2 |   12345 |    3478 |  22.0 |      30 |      11 |  26.8
   Shoals:3 |    6376 |    5251 |  45.2 |      16 |       8 |  33.3
   Shoals:4 |    5697 |   21592 |  79.1 |      12 |      38 |  76.0
   Spider:1 |   11986 |     214 |   1.8 |      36 |       1 |   2.7
   Spider:2 |   15805 |    5059 |  24.2 |      43 |       2 |   4.4
   Spider:3 |   11203 |       0 |   0.0 |      29 |       0 |   0.0
   Spider:4 |   20836 |   26309 |  55.8 |      61 |      48 |  44.0
      Orc:1 |    5861 |       0 |   0.0 |      48 |       0 |   0.0
      Orc:2 |    3498 |   10974 |  75.8 |      29 |      68 |  70.1
      Elf:1 |   18265 |    5269 |  22.4 |      32 |       8 |  20.0
      Elf:2 |   21896 |    1799 |   7.6 |      38 |       2 |   5.0
   Vaults:1 |   11791 |   18643 |  61.3 |      33 |      14 |  29.8
   Vaults:2 |   18199 |   11738 |  39.2 |      33 |      20 |  37.7
   Vaults:3 |    7967 |    8014 |  50.1 |      30 |       5 |  14.3
      Sewer |       0 |     145 | 100.0 |       0 |       6 | 100.0
     WizLab |       0 |   12031 | 100.0 |       0 |      18 | 100.0
            +---------+---------+-------+---------+---------+-------
